Map: Pillars of Gold LE

Players

goblin - Winner!

  • Race: Protoss Protoss
  • League: Grandmaster
  • Spawn Location: 7:00

DnS

  • Race: Protoss Protoss
  • Spawn Location: 1:00

Event: DreamHack SC2 Masters 2020 Fall

VOD

Have the link to the VOD?

Description

Time

  • Played on: Aug. 29, 2020, 1:38 p.m.
  • Length: 13:18

All games in this series

Show
View Real Time Build Order
Export as new Build Order

goblin Protoss - Winner!

Build Orders: Proxy Void Ray 

Get SALT Encoding   

  12  0:00  Probe  
  13  0:12  Probe  
  14  0:17  Pylon  
  14  0:24  Probe (Chrono Boost)  
  15  0:36  Probe (Chrono Boost)  
  15  0:38  Gateway  
  16  0:44  Probe (Chrono Boost)  
  16  0:47  Assimilator  
  17  0:51  Probe  
  17  0:56  Assimilator  
  18  1:03  Probe (Chrono Boost)  
  19  1:10  Gateway  
  19  1:13  Probe (Chrono Boost)  
  20  1:20  Probe  
  21  1:28  Cybernetics Core  
  21  1:37  Pylon  
  21  1:41  Probe  
  22  1:53  Probe  
  23  2:05  Stargate  
  23  2:08  Adept  
  25  2:09  Adept  
  25  2:12  Warp Gate  
  27  2:21  Pylon  
  27  2:38  Adept  
  27  2:39  Void Ray (Chrono Boost), Adept  
  36  3:04  Pylon  
  35  3:06  Void Ray (Chrono Boost)  
  35  3:19  Pylon  
  39  3:40  Void Ray  
  41  3:51  Shield Battery  
  41  3:53  Shield Battery  
  41  4:03  Shield Battery  
  41  4:16  Adept x2  
  41  4:17  Shield Battery  
  45  4:26  Void Ray (Chrono Boost)  
  49  4:45  Pylon  
  49  4:56  Void Ray (Chrono Boost)  
  49  5:04  Shield Battery  
  53  5:16  Stalker x2  
  57  5:30  Void Ray (Chrono Boost)  
  61  5:45  Shield Battery  
  61  6:02  Void Ray (Chrono Boost)  
  53  6:06  Stalker  
  59  6:14  Zealot  
  61  6:39  Nexus  
  61  6:41  Pylon  
  59  6:55  Void Ray (Chrono Boost)  
  53  7:05  Adept  
  53  7:07  Shield Battery  
  59  7:29  Void Ray (Chrono Boost)  
  63  7:38  Shield Battery  
  63  7:45  Adept x2  
  67  7:55  Probe  
  67  7:57  Void Ray (Chrono Boost)  
  68  8:06  Probe  
  68  8:07  Probe  
  70  8:24  Void Ray (Chrono Boost)  
  66  8:35  Adept x2  
  70  8:54  Void Ray  
  70  8:56  Shield Battery  
  70  8:58  Shield Battery  
  74  9:08  Probe x2  
  76  9:26  Probe  
  76  9:29  Assimilator, Adept x2  
  81  9:35  Void Ray  
  81  9:38  Probe  
  86  9:47  Pylon  
  86  10:08  Assimilator  
  86  10:12  Void Ray (Chrono Boost)  
  88  10:24  Probe  
  88  10:25  Stargate  
  88  10:27  Pylon  
  87  10:36  Probe  
  88  10:46  Void Ray (Chrono Boost)  
  88  10:48  Probe  
  89  10:51  Sentry  
  95  10:57  Adept  
  95  10:59  Protoss Air Weapons Level 1 (Chrono Boost)  
  95  11:00  Probe  
  95  11:02  Void Ray (Chrono Boost)  
  98  11:05  Pylon  
  102  11:20  Pylon  
  102  11:21  Pylon  
  102  11:23  Probe  
  107  11:32  Void Ray (Chrono Boost)  
  107  11:35  Void Ray (Chrono Boost)  
  107  11:58  Forge  
  107  12:07  Void Ray (Chrono Boost)  
  111  12:09  Void Ray (Chrono Boost)  
  107  12:36  Void Ray (Chrono Boost)  
  107  12:43  Stalker x2  
  115  12:55  Photon Cannon  
  115  12:56  Shield Battery  
Show
View Real Time Build Order
Export as new Build Order

DnS Protoss 

Build Orders: 1 Gate Expand, Proxy Void Ray 

Get SALT Encoding   

  12  0:00  Probe  
  13  0:12  Probe  
  14  0:19  Pylon  
  14  0:24  Probe  
  15  0:37  Probe (Chrono Boost)  
  15  0:39  Gateway  
  16  0:47  Probe (Chrono Boost)  
  16  0:49  Assimilator  
  17  0:52  Probe (Chrono Boost)  
  18  1:04  Probe  
  19  1:16  Probe  
  20  1:29  Nexus  
  20  1:37  Cybernetics Core  
  20  1:40  Probe  
  20  1:46  Assimilator  
  21  1:52  Probe  
  22  1:56  Pylon  
  22  2:05  Probe  
  23  2:11  Stalker (Chrono Boost)  
  23  2:14  Warp Gate  
  25  2:17  Probe  
  26  2:30  Shield Battery, Probe  
  26  2:34  Stalker  
  29  2:44  Stargate  
  29  2:49  Probe  
  29  2:51  Probe  
  31  3:04  Stalker  
  33  3:05  Shield Battery  
  33  3:13  Probe x2  
  33  3:16  Shield Battery  
  35  3:20  Void Ray (Chrono Boost)  
  39  3:35  Shield Battery  
  39  3:37  Probe  
  39  3:38  Probe  
  36  3:49  Probe  
  36  3:50  Probe  
  36  3:54  Void Ray (Chrono Boost)  
  38  4:00  Shield Battery  
  42  4:09  Shield Battery  
  42  4:15  Stalker  
  44  4:18  Shield Battery  
  44  4:23  Shield Battery  
  44  4:26  Shield Battery  
  44  4:45  Pylon  
  44  4:46  Void Ray (Chrono Boost)  
  44  4:51  Shield Battery  
  46  5:01  Gateway  
  46  5:03  Zealot  
  48  5:13  Void Ray (Chrono Boost)  
  52  5:28  Gateway  
  52  5:30  Pylon  
  52  5:31  Zealot  
  52  5:40  Void Ray (Chrono Boost)  
  54  5:55  Zealot  
  52  6:07  Void Ray (Chrono Boost)  
  50  6:13  Cybernetics Core  
  50  6:17  Gateway  
  54  6:22  Zealot  
  56  6:30  Zealot  
  58  6:34  Void Ray (Chrono Boost)  
  58  6:41  Pylon  
  61  6:53  Probe x2  
  60  7:00  Sentry  
  62  7:07  Pylon  
  62  7:18  Void Ray (Chrono Boost)  
  62  7:25  Probe x2  
  68  7:32  Sentry  
  68  7:35  Pylon  
  70  7:37  Pylon  
  70  7:47  Assimilator  
  70  7:49  Void Ray (Chrono Boost)  
  70  7:53  Probe x2  
  78  8:05  Probe  
  77  8:13  Stalker  
  77  8:15  Pylon  
  78  8:27  Void Ray (Chrono Boost)  
  78  8:33  Probe x2  
  80  8:36  Pylon  
  84  8:49  Probe x2  
  84  8:54  Void Ray (Chrono Boost)  
  86  8:59  Pylon  
  90  9:08  Assimilator  
  90  9:12  Pylon  
  90  9:19  Protoss Air Weapons Level 1  
  90  9:22  Pylon  
  90  9:30  Probe  
  91  9:34  Void Ray  
  91  9:44  Probe x2  
  97  9:46  Pylon  
  97  9:55  Stargate  
  97  10:12  Void Ray (Chrono Boost)  
  97  10:13  Robotics Facility  
  100  10:23  Probe x2  
  99  10:30  Void Ray (Chrono Boost)  
  98  10:42  Probe  
  103  10:44  Probe  
  103  10:46  Void Ray (Chrono Boost)  
  108  10:58  Probe  
  108  11:00  Pylon  
  108  11:01  Observer  
  108  11:03  Adept x2  
  114  11:11  Probe  
  114  11:13  Void Ray (Chrono Boost)  
  115  11:22  Pylon  
  115  11:24  Probe  
  120  11:47  Void Ray (Chrono Boost)  
  124  11:54  Void Ray (Chrono Boost)  
  124  11:56  Assimilator  
  110  12:17  Void Ray (Chrono Boost), Stalker  
  110  12:18  Stalker  
  100  12:52  Adept  
  100  12:53  Adept  
  108  12:58  Assimilator  

Tags
 
Add a new tag
Caveats
  • Supply blocks, unpowered buildings, or Contaminate may cause inaccurate times.
  • Supply counts are checked every 10 seconds.